 Dungeon Crawl Stone Soup version 0.31.0-11-ge490571c62 (webtiles) character file.

Game seed: 6433051134387640957

1402 stipulation the Reanimator (level 8, -1/34 (36) HPs)
             Began as a Vine Stalker Necromancer on Jan 28, 2024.
             Slain by a centaur (5 damage)
             ... on level 6 of the Dungeon.
             The game lasted 00:07:46 (5508 turns).

stipulation the Reanimator (VSNe)                   Turns: 5508, Time: 00:07:47

HP:   -1/34 (36)    AC:  2    Str: 12    XL:     8   Next: 69%
MP:   0/20          EV: 12    Int: 17    God:
Gold: 480           SH:  0    Dex: 14    Spells: 11/21 levels left

rFire   . . .        s - +2 hand axe (freeze)
rCold   . . .        (no shield)
rNeg    . . .        a - +0 robe
rPois   .            (no helmet)
rElec   .            (no cloak)
rCorr   .            (no gloves)
SInv    .            (no boots)
Will    +....        m - amulet of magic regeneration
Stlth   ++           (no ring)
HPRegen 1.05/turn    (no ring)
MPRegen 0.57/turn

%: guardian spirit
@: drained
A: fangs 3, regeneration 1, magic shield, antimagic bite, no potion heal 2
a: no special abilities


You were on level 6 of the Dungeon.
You visited 2 branches of the dungeon, and saw 7 of its levels.

You collected 480 gold pieces.

Inventory:

Hand Weapons
 s - a +2 hand axe of freezing (weapon)
Missiles
 t - 6 poisoned darts
Armour
 a - a +0 robe (worn)
Jewellery
 g - an amulet of the acrobat
 m - an amulet of magic regeneration (around neck)
 p - a ring of willpower
Scrolls
 d - 3 scrolls of immolation
 e - a scroll of enchant armour
 f - 2 scrolls of teleportation {unknown}
 n - a scroll of fear
 u - a scroll of vulnerability {unknown}
 v - a scroll of acquirement {unknown}
 x - a scroll of noise {unknown}
 y - a scroll of butterflies {unknown}
 z - a scroll of amnesia {unknown}
 A - a scroll of identify
 B - a scroll of torment {unknown}
Potions
 b - 4 potions of magic
 c - a potion of resistance {unknown}
 h - a potion of invisibility {unknown}
 i - a potion of might {unknown}
 j - a potion of ambrosia {unknown}
 k - a potion of mutation
 l - 3 potions of haste
 o - 3 potions of curing {unknown}
 q - a potion of heal wounds
 r - 2 potions of enlightenment
 w - a potion of brilliance {unknown}
 C - a potion of degeneration {unknown}
 D - a potion of attraction {unknown}


   Skills:
 - Level 1.5 Dodging
 - Level 2.4 Stealth
 + Level 7.4 Spellcasting
 + Level 8.3 Necromancy
 - Level 2.0 Translocations


You had 11 spell levels left.
You knew the following spells:

 Your Spells              Type           Power      Damage    Failure   Level
a - Necrotise             Necr           100%       1d9       1%          1
b - Vampiric Draining     Necr           34%        2d8       1%          3
c - Animate Dead          Necr           34%        N/A       3%          4
d - Blink                 Tloc           26%        N/A       8%          2

Your spell library contained the following spells:

 Spells                   Type           Power      Damage    Failure   Level
 Curse of Agony           Necr           34%        N/A       10%         5
 Magic Dart               Conj           24%        1d4       11%         1
 Call Imp                 Summ           12%        N/A       17%         2
 Hailstorm                Conj/Ice       6%         3d5       32%         3
 Summon Ice Beast         Ice/Summ       6%         N/A       32%         3
 Sculpt Simulacrum        Ice/Alch       3%         N/A       100%        6


Dungeon Overview and Level Annotations

Branches:
Dungeon (6/15)             Temple (1/1) D:5

Altars:
Ashenzari
Cheibriados
Fedhas
Hepliaklqana
Makhleb
Nemelex Xobeh
Okawaru
Qazlal
Ru
Sif Muna
Trog
Uskayaw
Vehumet
Wu Jian
Xom
Yredelemnul
Zin
The Shining One

Shops:
D:3 (

Annotations:
D:4 Menkaure
D:5 3 runed translucent doors, SuperJoe's ghost, weakling HuDe


Innate Abilities, Weirdness & Mutations

You have razor-sharp teeth.
Your natural rate of healing is unusually fast.
When hurt, damage is shared between your health and your magic reserves.
Your bite disrupts and absorbs the magic of your enemies.
Potions cannot restore your health.


Message History

You feel drained.
You hit the wight. You bite the wight, but do no damage.
The wight is severely damaged.
The wight barely misses you.
You closely miss the wight. Your bite misses the wight.
The wight is severely damaged.
You miss the kobold.
Cornered, the centaur turns to fight!
The wight hits you with a +0 short sword!
Cornered, the kobold brigand turns to fight!
Cornered, the kobold turns to fight! x2; The kobold barely misses you.
Cornered, the kobold turns to fight!
The wight hits you with a +0 short sword.
You barely miss the wight. You bite the wight, but do no damage.
The wight is severely damaged.
You closely miss the kobold. The kobold hits you with a +0 whip.
The wight closely misses you.
You closely miss the wight.
The wight is severely damaged.
You hit the kobold. You freeze the kobold.
The centaur unwields a +0 shortbow.
The centaur misses you. The centaur kicks you.
The kobold hits you with a +0 whip. The wight misses you.
Casting: Necrotise (safe; 1% risk of failure)
Confirm with . or Enter, or press ? or * to list all spells.
Aiming: Vampiric Draining (safe; 1% risk of failure)
Press: ? - help, Shift-Dir - straight line, f - kobold
Aim: a kobold, wielding a +0 whip and quivering stones (severely wounded)
You draw life force from the kobold!
You kill the kobold!
The centaur hits you but does no damage.
The centaur misses you.
The wight hits you with a +0 short sword.
* * * LOW HITPOINT WARNING * * *
Cornered, the kobold turns to fight!
The centaur completely misses you. x2
You hit the wight.
The wight is almost destroyed.
You hit the centaur. You freeze the centaur.
The wight hits you with a +0 short sword!
* * * LOW HITPOINT WARNING * * *
The centaur hits you.
You die...

#...............##.##'##
#....+..#..............#
#...##..##.............#
#...##.)##.............#
#...#...###'###.####..##
#...#...##..###'####..##
#.. #$........#.........
#. #...z.....#.........
#..@KKK...#.........
#...cK..K.#.........
#######..########### ###
### #.. #.. #.. ###


You could see a kobold brigand, a centaur, a wight and 4 kobolds.

Vanquished Creatures
  Eustachio (D:5)
  A sky beast (D:6)
  2 black bears (D:5)
  A centaur (D:6)
  A scorpion (D:4)
  A wight (D:6)
  3 howler monkeys
  3 bombardier beetles
  4 hounds
  A jelly (D:5)
  Terence (D:2)
  Jessica (D:2)
  An orc wizard (D:5)
  Natasha (thrice) (D:2)
  3 gnolls (D:6)
  9 adders
  A white imp (D:5)
  2 ufetubi (D:5)
  4 dart slugs
  3 ribbon worms
  9 orcs
  2 bats
  8 endoplasms
  4 giant cockroaches (D:1)
  6 goblins
  6 hobgoblins
  3 kobolds
  6 quokkas
  8 ball pythons
  3 frilled lizards
  4 rats
105 creatures vanquished.

Vanquished Creatures (collateral kills)
  A scorpion (D:6)
  A goblin (D:1)
2 creatures vanquished.

Grand Total: 107 creatures vanquished

Notes
Turn   | Place    | Note
-------+----------+-------------------------------------------
     0 | D:1      | stipulation the Vine Stalker Necromancer began the quest
                  | for the Orb.
     0 | D:1      | Reached XP level 1. HP: 9/9 MP: 4/4
   208 | D:1      | Reached XP level 2. HP: 13/13 MP: 3/6
   754 | D:1      | Reached XP level 3. HP: 16/16 MP: 5/8
   999 | D:2      | Noticed Terence
  1006 | D:2      | Killed Terence
  1007 | D:2      | Reached XP level 4. HP: 21/21 MP: 2/10
  1368 | D:2      | Noticed Natasha
  1375 | D:2      | Killed Natasha
  1376 | D:2      | Reached skill level 5 in Necromancy
  1466 | D:2      | Noticed Jessica
  1470 | D:2      | Killed Jessica
  1471 | D:2      | Reached XP level 5. HP: 24/24 MP: 6/12
  1871 | D:2      | Noticed Natasha
  1882 | D:2      | HP: 1/24 [Natasha (6)]
  1883 | D:2      | Killed Natasha
  1944 | D:2      | Noticed Natasha
  1957 | D:2      | Killed Natasha
  2294 | D:3      | Found a shimmering blue altar of Sif Muna.
  2515 | D:3      | Found a sacrificial altar of Ru.
  2555 | D:3      | Found a glowing golden altar of the Shining One.
  2789 | D:3      | Found Pamemim's Weapon Shoppe.
  3000 | D:4      | Reached XP level 6. HP: 28/28 MP: 10/14
  3139 | D:4      | Reached skill level 5 in Spellcasting
  3139 | D:4      | Reached skill level 6 in Necromancy
  3142 | D:4      | Found an iron altar of Okawaru.
  3549 | D:4      | Noticed Menkaure
  3605 | D:5      | Entered Level 5 of the Dungeon
  3605 | D:5      | Noticed a black bear
  3605 | D:5      | Noticed a black bear
  3605 | D:5      | Noticed SuperJoe's ghost (weakling HuDe)
  3605 | D:5      | Noticed a wyvern
  3605 | D:5      | Found a runed translucent gate.
  3605 | D:5      | Found a runed translucent gate.
  3605 | D:5      | Found a runed translucent gate.
  3605 | D:5      | Found a bloodstained altar of Trog.
  3606 | D:5      | Noticed Eustachio
  3671 | D:4      | Learned a level 3 spell: Vampiric Draining
  3676 | D:4      | Learned a level 4 spell: Animate Dead
  3679 | D:4      | Learned a level 2 spell: Blink
  3812 | D:5      | Reached XP level 7. HP: 32/32 MP: 13/16
  3839 | D:5      | Reached skill level 1 in Translocations
  3860 | D:5      | Killed Eustachio
  3911 | D:5      | Reached skill level 7 in Necromancy
  4061 | D:5      | Found a hazy altar of Hepliaklqana.
  4244 | D:5      | Found a staircase to the Ecumenical Temple.
  4480 | D:5      | Gained mutation: You have razor-sharp teeth. [Vine Stalker
                  | growth]
  4480 | D:5      | Reached XP level 8. HP: 4/36 MP: 1/18
  4795 | Temple   | Entered the Ecumenical Temple
  4889 | D:6      | Reached skill level 8 in Necromancy
  5001 | D:6      | Found a radiant altar of Vehumet.
  5508 | D:6      | Slain by a centaur

Illustrated notes

Levels and vault maps discovered:
D:1:      dpeg_arrival_round_c, layout_loops_ring, minmay_distorted
D:2:      layout_loops_corners, uniq_natasha, uniq_terence, uniq_jessica
D:3:      layout_basic, overflow_temple_1_default, mainiacjoe_overflow_chevrons,
          mainiacjoe_overflow_catwalk, serial_shops, nicolae_lakefront_shop
D:4:      layout_basic, mainiacjoe_overflow_brackets, nicolae_half_adder,
          uniq_menkaure
D:5:      layout_basic, lemuel_crystal_altar, trog_ov_bears_minmay,
          minmay_temple_entry_slanted, gammafunk_ghost_split, uniq_eustachio
D:6:      layout_gridville, mainiacjoe_overflow_cross_hatched,
          chequers_serial_rivers_room_a
Temple:   nicolae_temple_ecumenical_triangle

Skill      XL: |  1  2  3  4  5  6  7  8 |
---------------+-------------------------+-----
Spellcasting   | 3 4 5 6 7 |  7.4
Necromancy     | 5 6 7 8 |  8.3
Translocations | 2 |  2.0
Dodging        | |  1.5
Stealth        | |  2.4

Action                     |  1- 3 |  4- 6 |  7- 9 || total
---------------------------+-------+-------+-------++-------
  Melee: Unarmed           |    15 |     7 |       ||    22
         Bite              |     5 |     2 |    13 ||    20
         Hand axe          |       |     3 |    48 ||    51
         Punch             |       |       |     1 ||     1
   Cast: Necrotise         |    41 |   128 |    63 ||   232
         Vampiric Draining |       |       |    14 ||    14
    Use: Scroll            |       |     7 |     1 ||     8
   Stab: Sleeping          |     1 |       |       ||     1
         Distracted        |       |     1 |       ||     1
 Armour: Robe              |    11 |    32 |    76 ||   119
  Dodge: Dodged            |    13 |    37 |    80 ||   130
